[Event "FIDE Women World Blitz 2021"]
[Site "Warsaw"]
[Date "2021.12.29"]
[Round "1.11"]
[White "Babiy, Olga"]
[Black "Budkiewicz, Magdalena"]
[Result "1-0"]
[ECO "B07"]
[WhiteElo "2179"]
[BlackElo "1624"]
[Annotator "NA"]
[PlyCount "75"]
[EventDate "2021.12.29"]
[EventType "swiss"]
[EventCountry "POL"]
[Tiebreak "Cut1 Buchholz"]
[SourceTitle "playchess.com"]
[Source "ChessBase"]
[SourceQuality "1"]
[TimeControl "180+2"]

1. d4 Nf6 2. Nf3 g6 3. Nbd2 Bg7 4. e4 d6 5. Bb5+ Bd7 6. a4 O-O 7. O-O a6 8. Bd3 Nc6 9. c3 e5 10. dxe5 Nxe5 11. Nxe5 dxe5 12. Nc4 Re8 13. Qc2 Qe7 14. h3 Bc6 15. Be3 Rad8 16. b4 Qd7 17. Rfd1 Qe6 18. Na5 b6 19. Nxc6 Qxc6 20. Bxa6 Qxe4 21. Bd3 Qb7 22. a5 bxa5 23. bxa5 e4 24. Bc4 Nd5 25. Bg5 Rd6 26. Rab1 Qa8 27. Bxd5 Rxd5 28. Rxd5 Qxd5 29. Qa4 Ra8 30. Bh4 Bxc3 31. a6 Bd4 32. Rd1 c5 33. Bf6 Qd6 34. Bxd4 cxd4 35. Rxd4 Rxa6 36. Qe8+ Kg7 37. Rxd6 Rxd6 38. Qe5+ 1-0

[Event "FIDE Women World Blitz 2021"]
[Site "Warsaw"]
[Date "2021.12.29"]
[Round "1.12"]
[White "Abdumalik, Zhansaya"]
[Black "Balajayeva, Khanim"]
[Result "0-1"]
[ECO "C92"]
[WhiteElo "2507"]
[BlackElo "2369"]
[Annotator "ChessBase"]
[PlyCount "92"]
[EventDate "2021.12.29"]
[EventType "swiss"]
[EventCountry "POL"]
[Tiebreak "Cut1 Buchholz"]
[SourceTitle "playchess.com"]
[Source "ChessBase"]
[SourceQuality "1"]
[TimeControl "180+2"]

1. e4 e5 2. Nf3 Nc6 3. Bb5 a6 4. Ba4 Nf6 5. O-O Be7 6. Re1 b5 7. Bb3 d6 8. c3 O-O 9. h3 Bb7 10. d4 Re8 11. Nbd2 Nd7 12. Nf1 exd4 13.
cxd4 Na5 14. Bc2 Bf6 15. Rb1 c5 16. d5 Nc4 17. b3 Nce5 18.
N3h2 Nb6 19. Ng3 g6 20. f4 Ned7 21. Ng4 Bg7 22. Bb2 Bxb2 23.
Rxb2 Qh4 24. Ne2 h5 25. Nh2 a5 26. Nf3 Qf6 27. Rb1 a4 28.
Rf1 axb3 29. axb3 Qg7 30.
Ng3 Qh6 31. f5 h4 32. Nh1 gxf5 33. Nf2 fxe4 34. Bxe4 Ra2 35. Ng4 Qg7 36. Bc2 Nxd5 37. Bf5 N7f6 38. Ra1 Rxg2+ 39. Kxg2 Ne3+ 40. Kh2 Nxd1 41. Nxf6+ Qxf6 42. Rg1+ Kf8 43. Bg4 Qf4+ 44. Kg2 Re2+ 45. Kf1 Bxf3 46. Rxd1 Bxg4# 0-1

[Event "FIDE Women World Blitz 2021"]
[Site "Warsaw"]
[Date "2021.12.29"]
[Round "1.12"]
[White "Zabrzanska, Weronika"]
[Black "Pavlidou, Ekaterini"]
[Result "0-1"]
[ECO "B27"]
[WhiteElo "1596"]
[BlackElo "2177"]
[Annotator "NA"]
[PlyCount "50"]
[EventDate "2021.12.29"]
[EventType "swiss"]
[EventCountry "POL"]
[Tiebreak "Cut1 Buchholz"]
[SourceTitle "playchess.com"]
[Source "ChessBase"]
[SourceQuality "1"]
[TimeControl "180+2"]

1. e4 c5 2. c3 g6 3. d4 cxd4 4. cxd4 d5 5. e5 Bg7 6. Nf3 Nc6 7. Be2 f6 8. Nc3 Bg4 9. O-O fxe5 10. dxe5 e6 11. Bg5 Nge7 12. Nd4 Nxd4 13. Bxg4 Ndf5 14. f4 O-O 15. Qd3 h6 16. Bxf5 Rxf5 17. Bh4 Qb6+ 18. Kh1 Nc6 19. g4 Nb4 20. Qb1 d4 21. gxf5 dxc3 22. bxc3 Qc6+ 23. Kg1 Nd5 24. fxg6 Ne3 25. Re1 Qg2# 0-1

[Event "FIDE Women World Blitz 2021"]
[Site "Warsaw"]
[Date "2021.12.29"]
[Round "1.13"]
[White "Nurgali, Nazerke"]
[Black "Kashlinskaya, Alina"]
[Result "1/2-1/2"]
[ECO "E92"]
[WhiteElo "2267"]
[BlackElo "2482"]
[Annotator "ChessBase"]
[PlyCount "146"]
[EventDate "2021.12.29"]
[EventType "swiss"]
[EventCountry "POL"]
[Tiebreak "Cut1 Buchholz"]
[SourceTitle "playchess.com"]
[Source "ChessBase"]
[SourceQuality "1"]
[TimeControl "180+2"]

1. d4 Nf6 2. Nf3 g6 3. c4 Bg7 4. Nc3 O-O 5. e4 d6 6. Be2 e5 7. dxe5 dxe5 8. Qxd8 Rxd8 9. Bg5 Re8 10. O-O c6 11. Rfd1 Na6 12. Nd2 Nc5 13. f3 a5 14. Nb3 Ne6 15.
Be3 Nd7 16. Na4 Bf8 17. Rd2 Bb4 18. Rc2 Be7 19. Rd1 Bg5 20.
Bxg5 Nxg5 21. Rcd2 Re7 22. c5 Ne6 23. Bc4 Ndf8 24. Nb6 Rb8 25.
Nxc8 Rxc8 26. Bxe6 Nxe6 27.
a4 Rb8 28. Rc1 Kg7 29. Nxa5 Nd4 30. Rc3 Ra8 31. b4 f5 32. Ra2 h5 33. Nb3 Rxa4 34. Rxa4 Ne2+ 35. Kf2 Nxc3 36. Ra7 fxe4 37. Na5 Nd5 38. fxe4 Rf7+ 39. Ke2 Nxb4 40. Rxb7 Rxb7 41. Nxb7 Kf6 42. Ke3 Ke6 43. g3 Nc2+ 44. Kd3 Ne1+ 45. Ke3 Nc2+ 46. Kd3 Nd4 47. Nd8+ Ke7 48. Nb7 Nf3 49. h3 Ng5 50. h4 Ne6 51. Kc4 g5 52. Nd6 gxh4 53. gxh4 Nd4 54. Kd3 Ke6 55. Ke3 Nb3 56. Nb7 Kd7 57. Kd3 Kc7 58. Kc3 Nd4 59. Nd6 Nf3 60. Nf5 Kd7 61. Kd3 Ne1+ 62. Kc4 Ng2 63. Kd3 Nf4+ 64. Ke3 Ne6 65. Ng3 Nf4 66. Nf5 Ke6 67. Ng3 Kf6 68. Nf5 Ng2+ 69. Kf3 Nf4 70. Ke3 Ne6 71. Ng3 Kg6 72. Nf5 Kf6 73. Ng3 Nf4 1/2-1/2

[Event "FIDE Women World Blitz 2021"]
[Site "Warsaw"]
[Date "2021.12.29"]
[Round "1.13"]
[White "Maisuradze, Nino"]
[Black "Szczotka, Klara"]
[Result "1-0"]
[ECO "A04"]
[WhiteElo "2175"]
[BlackElo "1584"]
[Annotator "NA"]
[PlyCount "87"]
[EventDate "2021.12.29"]
[EventType "swiss"]
[EventCountry "POL"]
[Tiebreak "Cut1 Buchholz"]
[SourceTitle "playchess.com"]
[Source "ChessBase"]
[SourceQuality "1"]
[TimeControl "180+2"]

1. Nf3 c5 2. g3 g6 3. Bg2 Bg7 4. O-O Nf6 5. d3 Nc6 6. e4 d6 7. h3 O-O 8. Be3 a6 9. a4 Rb8 10. Qd2 Re8 11. Bh6 Bh8 12. Nc3 e6 13.
Ng5 Nd4 14. f4 b5 15. axb5 axb5 16. Ne2 Nxe2+ 17. Qxe2 Nh5 18. Kh2 Bxb2 19. Rab1 Bg7 20. Bxg7 Nxg7 21. Rbe1 h6 22. Nf3 Bb7 23. Qd2 Kh7 24. g4 d5 25. e5 b4 26. d4 Ba6 27. Rf2 c4 28. Rb1 c3 29. Qe3 Bc4 30.
Ne1 Qe7 31. Nd3 Bxd3 32. Qxd3 Rec8 33. f5 gxf5 34. gxf5 Nxf5 35. Bxd5 Rd8 36. Be4 Kh8 37. Bxf5 exf5 38. Rxf5 Qd7 39. Rbf1 Qxd4 40. Qf3 Re8 41. Rh5 Rxe5 42. Rxh6+ Kg7 43. Qf6+ Kf8 44. Rh8# 1-0

[Event "FIDE Women World Blitz 2021"]
[Site "Warsaw"]
[Date "2021.12.29"]
[Round "1.14"]
[White "Zatonskih, Anna"]
[Black "Gil Quilez, Sonia"]
[Result "1-0"]
[ECO "D30"]
[WhiteElo "2394"]
[BlackElo "2122"]
[Annotator "NA"]
[PlyCount "99"]
[EventDate "2021.12.29"]
[EventType "swiss"]
[EventCountry "POL"]
[Tiebreak "Cut1 Buchholz"]
[SourceTitle "playchess.com"]
[Source "ChessBase"]
[SourceQuality "1"]
[TimeControl "180+2"]

1. d4 d5 2. c4 c6 3. Nf3 Nf6 4. Qc2 e6 5. Bg5 Nbd7 6. e3 Bd6 7. Nbd2 O-O 8.
Bd3 h6 9. Bh4 e5 10. cxd5 cxd5 11. dxe5 Nxe5 12. Nxe5 Bxe5 13.
Nf3 Bd6 14. O-O Bg4 15. Nd4 Re8 16. Qb3 Rb8 17. Rac1 a6 18.
Bg3 Bxg3 19. hxg3 Ne4 20. Qb4 a5 21. Qa4 Bd7 22. Qc2 Nf6 23.
Ne2 Qe7 24. Nf4 Rec8 25. Qb3 Bc6 26. Rfd1 Ne4 27. Be2 Qf6 28. Bf3 Nd6 29. Nxd5 Bxd5 30. Bxd5 Rxc1 31. Rxc1 b5 32. e4 Qe7 33. Qa3 b4 34. Qxa5 Nxe4 35. Re1 Qd8 36. Qxd8+ Rxd8 37. Bxe4 Rd2 38. Rb1 Kf8 39. a4 bxa3 40. bxa3 Ra2 41. Rb3 Ke7 42. Bc6 Kd6 43. Bb5 Kc5 44. a4 f6 45. Rd3 g5 46. g4 Rb2 47.
Rd8 Rb1+ 48. Kh2 Rb2 49. f3 Rd2 50. Rxd2 1-0

[Event "FIDE Women World Blitz 2021"]
[Site "Warsaw"]
[Date "2021.12.29"]
[Round "1.15"]
[White "Ovod, Evgenija"]
[Black "Zhukova, Natalia"]
[Result "0-1"]
[ECO "C55"]
[WhiteElo "2366"]
[BlackElo "2331"]
[Annotator "NA"]
[PlyCount "64"]
[EventDate "2021.12.29"]
[EventType "swiss"]
[EventCountry "POL"]
[Tiebreak "Cut1 Buchholz"]
[SourceTitle "playchess.com"]
[Source "ChessBase"]
[SourceQuality "1"]
[TimeControl "180+2"]

1. e4 e5 2. Nf3 Nc6 3. Bc4 Nf6 4. d3 h6 5. O-O g6 6. d4 exd4 7. e5 d5 8. Bb5 Ne4 9. Nxd4 Bd7 10.
Bxc6 bxc6 11. Nc3 Nxc3 12. bxc3 c5 13. Nb3 c4 14. Nd4 c5 15.
Ne2 Be6 16. Nf4 Qd7 17. Nxe6 Qxe6 18. Be3 Rc8 19. f4 Qf5 20. Qf3 Rd8 21. Rfd1 Qe6 22. Rab1 Be7 23. Rb5 O-O 24. Bxc5 Bxc5+ 25. Rxc5 Qb6 26. Qf2 Qb2 27. Rcxd5 Rxd5 28. Rxd5 Qxc3 29. h3 Rb8 30. Kh2 Rb2 31. Rd2 Rxa2 32. e6 fxe6 0-1

[Event "FIDE Women World Blitz 2021"]
[Site "Warsaw"]
[Date "2021.12.29"]
[Round "1.16"]
[White "Muzychuk, Mariya"]
[Black "Heredia Serrano, Carla"]
[Result "1-0"]
[ECO "B19"]
[WhiteElo "2536"]
[BlackElo "2138"]
[Annotator "ChessBase"]
[PlyCount "85"]
[EventDate "2021.12.29"]
[EventType "swiss"]
[EventCountry "POL"]
[Tiebreak "Cut1 Buchholz"]
[SourceTitle "playchess.com"]
[Source "ChessBase"]
[SourceQuality "1"]
[TimeControl "180+2"]

1. e4 c6 2. d4 d5 3. Nc3 dxe4 4. Nxe4 Bf5 5. Ng3 Bg6 6. h4 h6 7. Nf3 Nd7 8. h5 Bh7 9. Bd3 Bxd3 10. Qxd3 e6 11. Bd2 Ngf6 12. O-O-O Be7 13. Kb1 Qb6 14. Nh4 O-O-O 15. c4 Rhe8 16. Bc3 Bf8 17. Nf3 Bb4 18.
Rhe1 Kb8 19. a3 Bxc3 20. Qxc3 Qc7 21. Ne5 Nxe5 22. dxe5 Nd7 23. f4 f5 24. Rd6 Nb6 25. Red1 Nc8 26. R6d4 c5 27. R4d2 Ne7 28. Qe3 Kc8 29. Ne2 Rxd2 30. Rxd2 Rd8 31. Nc3 Rxd2 32. Qxd2 a6 33. Na4 Qc6 34. Qa5 Kb8 35. Qxc5 Qxa4 36. Qxe7 Qd1+ 37. Ka2 Qe2 38. Qxe6 Qxg2 39. Qd6+ Ka7 40. e6 Qe2 41. Qc5+ Ka8 42. e7 Qe4 43. Qc8+ 1-0

[Event "FIDE Women World Blitz 2021"]
[Site "Warsaw"]
[Date "2021.12.29"]
[Round "1.17"]
[White "Kamalidenova, Meruert"]
[Black "Movsesian, Julia"]
[Result "1-0"]
[ECO "C41"]
[WhiteElo "2339"]
[BlackElo "2322"]
[Annotator "NA"]
[PlyCount "78"]
[EventDate "2021.12.29"]
[EventType "swiss"]
[EventCountry "POL"]
[Tiebreak "Cut1 Buchholz"]
[SourceTitle "playchess.com"]
[Source "ChessBase"]
[SourceQuality "1"]
[TimeControl "180+2"]

1. e4 d6 2. d4 Nf6 3. Nc3 e5 4. Nf3 Nbd7 5. Bc4 Be7 6. O-O O-O 7. Re1 c6 8. a4 h6 9. h3 Re8 10. a5 Qc7 11. Bb3 Bf8 12. d5 cxd5 13.
Nxd5 Nxd5 14. Bxd5 Nf6 15. Bb3 Be6 16. c3 Qc6 17. Ba4 Qc7 18.
Bxe8 Rxe8 19. Be3 Nxe4 20. Bxa7 Nf6 21. Bb6 Qc6 22. Qa4 Qc8 23. a6 bxa6 24. Qxa6 Qc6 25. Be3 Qd7 26. Qa7 Qb5 27. Qb6 Qd5 28. Red1 Qc4 29. Qb4 Qc6 30. Qa5 Qb7 31. Qb6 Qe4 32. b4 Nd5 33. Qc6 Rc8 34. Qa4 Nxc3 35. Qa6 Nxd1 36. Rxd1 Qg6 37. Kh1 Be7 38. Qb7 Bf8 39. b5 Qf6 1-0

[Event "FIDE Women World Blitz 2021"]
[Site "Warsaw"]
[Date "2021.12.29"]
[Round "1.18"]
[White "Mammadova, Gulnar"]
[Black "Salimova, Nurgyul"]
[Result "0-1"]
[ECO "B12"]
[WhiteElo "2395"]
[BlackElo "2353"]
[Annotator "NA"]
[PlyCount "56"]
[EventDate "2021.12.29"]
[EventType "swiss"]
[EventCountry "POL"]
[Tiebreak "Cut1 Buchholz"]
[SourceTitle "playchess.com"]
[Source "ChessBase"]
[SourceQuality "1"]
[TimeControl "180+2"]

1. e4 c6 2. d4 d5 3. f3 e6 4. Nc3 Bb4 5. Bf4 Ne7 6. Qd2 Ng6 7. Bg3 Nd7 8. a3 Be7 9. Bd3 b5 10. exd5 exd5 11. f4 O-O 12. Nf3 b4 13. axb4 Bxb4 14. O-O Nf6 15. f5 Ne7 16. Ne5 Qb6 17. Qf4 Nh5 18. Qh4 Nxg3 19. hxg3 f6 20. Nf3 Nxf5 21. Bxf5 Bxf5 22. Rf2 Bg6 23. g4 Rae8 24. g5 fxg5 25. Qxg5 Be7 26. Qd2 Bf6 27. Na4 Qc7 28. Nc5 Be4 0-1

[Event "FIDE Women World Blitz 2021"]
[Site "Warsaw"]
[Date "2021.12.29"]
[Round "1.19"]
[White "Yakimova, Mariya"]
[Black "Injac, Teodora"]
[Result "0-1"]
[ECO "E62"]
[WhiteElo "2219"]
[BlackElo "2387"]
[Annotator "NA"]
[PlyCount "108"]
[EventDate "2021.12.29"]
[EventType "swiss"]
[EventCountry "POL"]
[Tiebreak "Cut1 Buchholz"]
[SourceTitle "playchess.com"]
[Source "ChessBase"]
[SourceQuality "1"]
[TimeControl "180+2"]

1. d4 Nf6 2. c4 g6 3. Nc3 Bg7 4. g3 O-O 5. Bg2 d6 6. Nf3 Nc6 7. O-O Bf5 8. d5 Na5 9. Nd4 Bd7 10. Qd3 c5 11. Nc2 a6 12. Rb1 b5 13. b3 Rb8 14. Bd2 Qc7 15.
e4 Ng4 16. Qe2 bxc4 17. bxc4 Bd4 18. Kh1 Ne5 19. Na3 Rb4 20. Rfc1 Naxc4 21. Nxc4 Nxc4 22. Rxb4 cxb4 23. Nd1 Bb5 24. Bxb4 Rc8 25. Qc2 Bb6 26. a4 Bd7 27. Bf1 a5 28. Be1 Ne5 29. Qxc7 Rxc7 30. Rxc7 Bxc7 31. f4 Ng4 32. h3 Nf6 33. Nc3 Bb6 34. Kg2 Ne8 35. Bb5 Bxb5 36.
Nxb5 f5 37. exf5 gxf5 38. Bc3 Kf7 39. Kf3 e6 40. dxe6+ Kxe6 41. g4 fxg4+ 42. hxg4 Kd5 43.
f5 Bd8 44. Kf4 h6 45. Kf3 Kc4 46. Bd2 Bg5 47. Bxg5 hxg5 48. Na7 Kb4 49. Nc6+ Kxa4 50. Nd4 Kb4 51. Nc6+ Kb5 52. Nxa5 Kxa5 53. Ke4 Nf6+ 54. Kd4 Kb5 0-1

[Event "FIDE Women World Blitz 2021"]
[Site "Warsaw"]
[Date "2021.12.29"]
[Round "1.20"]
[White "Berend, Elvira"]
[Black "Nur-Mukhametova, Alisa"]
[Result "1-0"]
[ECO "D03"]
[WhiteElo "2328"]
[BlackElo "2225"]
[Annotator "NA"]
[PlyCount "133"]
[EventDate "2021.12.29"]
[EventType "swiss"]
[EventCountry "POL"]
[Tiebreak "Cut1 Buchholz"]
[SourceTitle "playchess.com"]
[Source "ChessBase"]
[SourceQuality "1"]
[TimeControl "180+2"]

1. d4 Nf6 2. Nf3 g6 3. Bg5 Bg7 4. Nbd2 d5 5. Bxf6 Bxf6 6.
e3 O-O 7. Be2 Nd7 8. O-O e5 9. dxe5 Nxe5 10. c3 Bf5 11. Nxe5 Bxe5 12. Bf3 c6 13. Re1 Qc7 14. g3 Rad8 15. Qb3 Rfe8 16. Bg2 h5 17. e4 dxe4 18. Nxe4 Be6 19. Qc2 Bg7 20. Nc5 Bf5 21. Qb3 b6 22. Ne4 Be6 23. Qa4 Bd5 24. Ng5 Bxg2 25. Kxg2 b5 26. Qb3 Bf6 27. Ne4 Bg7 28. h4 Qd7 29. Rad1 Qc7 30.
Rxd8 Rxd8 31. Ng5 Qd7 32. Re3 Bf6 33. Ne4 Bg7 34. Rf3 Qd5 35.
Qc2 Re8 36. Ng5 Re5 37. Nh3 Rf5 38. Nf4 Qd7 39. Qe4 Re5 40.
Qd3 Qxd3 41. Rxd3 Re8 42. Rd7 a5 43. Kf1 Rc8 44. Nd3 Bf8 45.
Ne5 c5 46. Nxf7 b4 47. Ng5 bxc3 48. bxc3 Bg7 49. c4 Bd4 50. Ne6 Be5 51. Ra7 Re8 52. Ng5 Bd4 53. Nf3 Bf6 54. Rxa5 Rc8 55. Ra6 Kf7 56. Ra7+ Ke6 57. Ra6+ Kf7 58. a4 Rb8 59. Ra7+ Ke6 60. Ra6+ Kf7 61. a5 Rb4 62. Ra7+ Ke6 63. a6 Rxc4 64. Rb7 Ra4 65. a7 Be7 66. Nd2 Bd6 67. Nb3 1-0

[Event "FIDE Women World Blitz 2021"]
[Site "Warsaw"]
[Date "2021.12.29"]
[Round "1.21"]
[White "Kolaric, Spela"]
[Black "Vaishali R"]
[Result "0-1"]
[ECO "B22"]
[WhiteElo "2178"]
[BlackElo "2405"]
[Annotator "NA"]
[PlyCount "58"]
[EventDate "2021.12.29"]
[EventType "swiss"]
[EventCountry "POL"]
[Tiebreak "Cut1 Buchholz"]
[SourceTitle "playchess.com"]
[Source "ChessBase"]
[SourceQuality "1"]
[TimeControl "180+2"]

1. e4 c5 2. c3 Nf6 3. e5 Nd5 4. d4 cxd4 5. Nf3 Nc6 6. cxd4 d6 7. Bc4 dxe5 8.
Nxe5 e6 9. O-O Bd6 10. Nxc6 bxc6 11. Qg4 Qf6 12. Nc3 h5 13. Qd1 Nxc3 14. bxc3 h4 15. h3 O-O 16. Bd3 e5 17. dxe5 Bxe5 18. Bb2 Qf4 19. Re1 Qh2+ 20. Kf1 Qh1+ 21. Ke2 Qxg2 22. Rg1 Qxh3 23. Kd2 Bf5 24. Bxf5 Rad8+ 25. Kc1 Rxd1+ 26. Rxd1 Qxf5 27. Ba3 Bf4+ 28. Kb2 Rb8+ 29. Bb4 c5 0-1

[Event "FIDE Women World Blitz 2021"]
[Site "Warsaw"]
[Date "2021.12.29"]
[Round "1.22"]
[White "Maltsevskaya, Aleksandra"]
[Black "Kazarian, Anna-Maja"]
[Result "0-1"]
[ECO "C13"]
[WhiteElo "2411"]
[BlackElo "2138"]
[Annotator "NA"]
[PlyCount "158"]
[EventDate "2021.12.29"]
[EventType "swiss"]
[EventCountry "POL"]
[Tiebreak "Cut1 Buchholz"]
[SourceTitle "playchess.com"]
[Source "ChessBase"]
[SourceQuality "1"]
[TimeControl "180+2"]

1. e4 e6 2. Nc3 d5 3. d4 Nf6 4. Bg5 dxe4 5. Nxe4 Nbd7 6. Bd3 Be7 7. Qe2 Nxe4 8. Bxe7 Qxe7 9. Bxe4 Nf6 10. Bd3 Bd7 11. Nf3 c5 12. O-O cxd4 13. Nxd4 O-O 14. Rfe1 Qc5 15. c3 Rfe8 16. Rad1 Rad8 17. h3 e5 18. Nb3 Qc7 19. Bb5 Re7 20. Bxd7 Rdxd7 21. Rxd7 Qxd7 22. Rd1 Qc7 23. Qe3 b6 24. Qd3 g6 25. a4 Rd7 26. Qe2 Rxd1+ 27. Qxd1 Kg7 28. Qe2 Qd6 29. a5 e4 30.
axb6 axb6 31. Nd2 Qd5 32. Nc4 b5 33. Ne3 Qb3 34. Qd2 Qa2 35.
Qd4 Qb1+ 36. Kh2 Qc1 37. Ng4 Qf4+ 38. g3 Qf3 39. Nxf6 Qxf6 40. Qe3 Qf5 41. Kg2 Kf6 42. Qd4+ Qe5 43. Qb6+ Ke7 44. Qe3 Qd5 45. Qf4 f5 46. Qe3 Kf6 47. g4 g5 48. gxf5 Kxf5 49. Kh2 h5 50.
Kg1 g4 51. hxg4+ hxg4 52. Qh6 Qd1+ 53. Kh2 Qf3 54. Qh7+ Ke6 55. Qg8+ Ke5 56. Qb8+ Kf6 57. Qd6+ Kg5 58. Qe5+ Kh4 59. Qh8+ Kg5 60. Qg7+ Kf5 61. Qf7+ Ke5 62. Qh5+ Kd6 63. Qh6+ Kc5 64. Qg5+ Kc4 65. Qd2 Qd3 66. Qf4 Kb3 67. Qxg4 Kxb2 68. Qe6 Kxc3 69. Qe5+ Kd2 70. Kg2 Qf3+ 71. Kg1 Qg4+ 72. Kf1 Qe2+ 73. Kg1 Ke1 74. Qc3+ Qd2 75. Qc5 b4 76. Qf5 Qe2 77. Qf4 b3 78. Qc1+ Qd1 79. Qc3+ Ke2+ 0-1

[Event "FIDE Women World Blitz 2021"]
[Site "Warsaw"]
[Date "2021.12.29"]
[Round "1.23"]
[White "Serikbay, Assel"]
[Black "Cyfka, Karina"]
[Result "1/2-1/2"]
[ECO "E00"]
[WhiteElo "2237"]
[BlackElo "2416"]
[Annotator "NA"]
[PlyCount "70"]
[EventDate "2021.12.29"]
[EventType "swiss"]
[EventCountry "POL"]
[Tiebreak "Cut1 Buchholz"]
[SourceTitle "playchess.com"]
[Source "ChessBase"]
[SourceQuality "1"]
[TimeControl "180+2"]

1. d4 Nf6 2. c4 e6 3. g3 Bb4+ 4. Bd2 Qe7 5. Bg2 Bxd2+ 6. Qxd2 Nc6 7. Nc3 O-O 8. e4 d6 9. Nge2 e5 10. d5 Nb8 11. O-O a5 12. Qc2 Nbd7 13.
a3 Nc5 14. b4 Na6 15. Rab1 axb4 16. axb4 Bd7 17. f4 exf4 18.
Nxf4 Ng4 19. Qe2 Qe5 20. Nb5 Bxb5 21. cxb5 Qd4+ 22. Kh1 Ne3 23. bxa6 Nxf1 24. axb7 Nxg3+ 25. hxg3 Rab8 26. Rd1 Qb6 27. Qg4 g6 28. Nh5 Rxb7 29. Nf6+ Kg7 30. Nd7 Qe3 31. Nxf8 Kxf8 32. Qc8+ Kg7 33. Qxb7 Qh6+ 34. Kg1 Qe3+ 35. Kh2 Qh6+ 1/2-1/2

[Event "FIDE Women World Blitz 2021"]
[Site "Warsaw"]
[Date "2021.12.29"]
[Round "1.24"]
[White "Shuvalova, Polina"]
[Black "Kiolbasa, Oliwia"]
[Result "1-0"]
[ECO "D35"]
[WhiteElo "2515"]
[BlackElo "2403"]
[Annotator "ChessBase"]
[PlyCount "79"]
[EventDate "2021.12.29"]
[EventType "swiss"]
[EventCountry "POL"]
[Tiebreak "Cut1 Buchholz"]
[SourceTitle "playchess.com"]
[Source "ChessBase"]
[SourceQuality "1"]
[TimeControl "180+2"]

1. c4 e6 2. Nc3 d5 3. d4 Nf6 4. cxd5 exd5 5. Bg5 c6 6. e3 Be7 7. Bd3 h6 8. Bh4 O-O 9. Nge2 Re8 10. O-O a5 11. Rc1 Na6 12. a3 Nc7 13.
f3 Ne6 14. Qd2 b5 15. Bf2 Ba6 16. Ng3 Qb6 17. Nce2 b4 18. axb4 axb4 19. Bb1 c5 20. Nf5 Bf8 21. Rfd1 c4 22. e4 dxe4 23. fxe4 Ng4 24. Bg3 g6 25. h3 gxf5 26. hxg4 fxg4 27. Kh1 Ng5 28. e5 Bb7 29. Nf4 Be4 30. Bxe4 Nxe4 31. Qe3 Ng5 32. Nd5 Qe6 33. Nc7 Qd7 34. Nxa8 Rxa8 35. d5 Ra2 36. Qd4 Qf5 37. Rxc4 Nh7 38. Qxg4+ Qxg4 39. Rxg4+ Ng5 40. d6 1-0

[Event "FIDE Women World Blitz 2021"]
[Site "Warsaw"]
[Date "2021.12.29"]
[Round "1.25"]
[White "Antolak, Julia"]
[Black "Batsiashvili, Nino"]
[Result "1-0"]
[ECO "C77"]
[WhiteElo "2334"]
[BlackElo "2491"]
[Annotator "ChessBase"]
[PlyCount "117"]
[EventDate "2021.12.29"]
[EventType "swiss"]
[EventCountry "POL"]
[Tiebreak "Cut1 Buchholz"]
[SourceTitle "playchess.com"]
[Source "ChessBase"]
[SourceQuality "1"]
[TimeControl "180+2"]

1. e4 e5 2. Nf3 Nc6 3. Bb5 a6 4. Ba4 Nf6 5. d3 b5 6. Bb3 Bc5 7. Nc3 O-O 8. Nd5 h6 9. c3 d6 10. Nxf6+ Qxf6 11. Bd5 Bd7 12. Rg1 Ne7 13. Bxa8 Rxa8 14. Be3 Rd8 15. Qe2 Ng6 16. O-O-O Nf4 17. Bxf4 Qxf4+ 18. Kb1 Be6 19. Rge1 a5 20. d4 Bc4 21. Qd2 Qxd2 22. Rxd2 exd4 23. Nxd4 b4 24. cxb4 Bxb4 25. Rc1 Bxd2 26. Rxc4 c5 27. Nb3 Be1 28. f3 Ra8 29. Rc1 Bh4 30. Rd1 Be7 31. Nd2 a4 32. Nc4 Ra6 33. Kc2 f6 34. Ne3 Kf7 35. Nd5 Bd8 36. Rd2 Ke6 37. Kd3 g5 38. Kc4 f5 39. exf5+ Kxf5 40. Nc3 Ke6 41. Re2+ Kd7 42. Nd5 Ra8 43. g3 h5 44. f4 gxf4 45.
gxf4 Bh4 46. Nb6+ Kc6 47. Nxa8 d5+ 48. Kd3 Kb7 49. Re8 Bf6 50. b3 axb3 51. axb3 h4 52. Rf8 Bb2 53. f5 Be5 54. f6 Bxh2 55.
f7 Bd6 56. Rh8 h3 57. f8=Q Bxf8 58. Rxf8 h2 59. Rh8 1-0

[Event "FIDE Women World Blitz 2021"]
[Site "Warsaw"]
[Date "2021.12.29"]
[Round "1.27"]
[White "Loskutova, Viktoriya"]
[Black "Muetsch, Annmarie"]
[Result "0-1"]
[ECO "C41"]
[WhiteElo "2195"]
[BlackElo "2279"]
[Annotator "NA"]
[PlyCount "66"]
[EventDate "2021.12.29"]
[EventType "swiss"]
[EventCountry "POL"]
[Tiebreak "Cut1 Buchholz"]
[SourceTitle "playchess.com"]
[Source "ChessBase"]
[SourceQuality "1"]
[TimeControl "180+2"]

1. e4 d6 2. d4 Nf6 3. Nc3 e5 4. Nf3 Nbd7 5. Bc4 Be7 6. O-O c6 7. a4 Qc7 8. Re1 h6 9. h3 Nf8 10. Be3 Ng6 11. dxe5 dxe5 12. Bb3 O-O 13. Nd2 b6 14. Nf1 Bb4 15. Bd2 Ba6 16. Ng3 Rad8 17. Qc1 Nf4 18. Nb1 Bxd2 19. Nxd2 g6 20. Nf3 Kg7 21. Qe3 Rfe8 22. Kh2 Qe7 23. Nf1 Bc8 24. Kg1 Nh7 25. a5 b5 26. c3 Ng5 27. Nxg5 Qxg5 28. Ng3 h5 29. Qf3 h4 30. Nf1 Bxh3 31. Ne3 Bxg2 32. Nxg2 h3 33. Kh2 hxg2 0-1

[Event "FIDE Women World Blitz 2021"]
[Site "Warsaw"]
[Date "2021.12.29"]
[Round "1.28"]
[White "Danielian, Elina"]
[Black "Jakubowska, Anna"]
[Result "1-0"]
[ECO "D02"]
[WhiteElo "2450"]
[BlackElo "2106"]
[Annotator "ChessBase"]
[PlyCount "151"]
[EventDate "2021.12.29"]
[EventType "swiss"]
[EventCountry "POL"]
[Tiebreak "Cut1 Buchholz"]
[SourceTitle "playchess.com"]
[Source "ChessBase"]
[SourceQuality "1"]
[TimeControl "180+2"]

1. d4 d5 2. Nf3 Nf6 3. Bf4 c5 4. e3 Bf5 5. c4 e6 6. Nc3 Nc6 7. a3 cxd4 8. Nxd4 Nxd4 9. Qxd4 Be7 10. cxd5 exd5 11. Bb5+ Bd7 12. O-O O-O 13. Bxd7 Qxd7 14. Rfd1 Rfd8 15. h3 Qf5 16. Qe5 Qe6 17. Rd3 Bd6 18. Qxe6 fxe6 19. Bxd6 Rxd6 20. e4 Rb6 21. exd5 Nxd5 22. Nxd5 exd5 23. Rb1 Rc8 24. Rxd5 Rc2 25. b4 Re6 26. Rbd1 Ree2 27. Rf5 g6 28. Rd8+ Kg7 29. Rd7+ Kh6 30. Rff7 Re1+ 31. Kh2 Ree2 32. Kg3 Rc3+ 33. f3 Rcc2 34. Rxh7+ Kg5 35. f4+ Kf5 36. Rhf7+ Ke4 37. Rfe7+ Kf5 38. Rxe2 Rxe2 39. Rxb7 Re3+ 40. Kf2 Rxa3 41.
Rf7+ Ke4 42. Rf6 Rb3 43. Rxg6 Kxf4 44. Rg4+ Kf5 45. Rg7 Rxb4 46. Rxa7 Kf4 47. Rf7+ Kg5 48. Kg3 Rb3+ 49. Rf3 Rb4 50. Rc3 Ra4 51. h4+ Kg6 52. Rc6+ Kh5 53. Rc5+ Kg6 54. Kh3 Rb4 55. h5+ Kh6 56. g4 Rb1 57. Rc6+ Kg5 58. Rg6+ Kf4 59. Rf6+ Kg5 60. Rf5+ Kh6 61. Ra5 Rc1 62. Kg3 Rf1 63. Ra6+ Kh7 64. Kh4 Rb1 65. Re6 Rb5 66. Rf6 Kg7 67. Rf5 Rb4 68. Kg5 Kh7 69. Rf7+ Kg8 70. Ra7 Rb5+ 71. Kh4 Rb4 72. h6 Rc4 73. Kh5 Rc1 74. g5 Rc6 75. Ra8+ Kf7 76.
h7 1-0

[Event "FIDE Women World Blitz 2021"]
[Site "Warsaw"]
[Date "2021.12.29"]
[Round "1.30"]
[White "Pourkashiyan, Atousa"]
[Black "Semenova, Elena"]
[Result "1/2-1/2"]
[ECO "C42"]
[WhiteElo "2322"]
[BlackElo "2233"]
[Annotator "NA"]
[PlyCount "56"]
[EventDate "2021.12.29"]
[EventType "swiss"]
[EventCountry "POL"]
[Tiebreak "Cut1 Buchholz"]
[SourceTitle "playchess.com"]
[Source "ChessBase"]
[SourceQuality "1"]
[TimeControl "180+2"]

1. e4 e5 2. Nf3 Nf6 3. Nxe5 d6 4. Nf3 Nxe4 5. Nc3 Nxc3 6.
dxc3 Nc6 7. Bf4 Be7 8. Qd2 Be6 9. O-O-O Qd7 10. Kb1 a6 11.
Ng5 Bxg5 12. Bxg5 f6 13. Bf4 O-O-O 14. f3 Rhe8 15. Bd3 Bf5 16. Bc4 Be6 17. Bd3 Bf5 18. Be2 Ne5 19. g4 Be6 20. Qd4 Nc6 21.
Qf2 Bxa2+ 22. Kc1 Bf7 23. Bd3 Bg6 24. Bc4 Bf7 25. Bd3 Bg6 26.
Bc4 Bf7 27. Bd3 Bg6 28. Bc4 Bf7 1/2-1/2